 Dungeon Crawl Stone Soup version 0.25-a0-890-g62861fb195 (webtiles) character file.

Game seed: 12039212976566161701, levelgen mode: classic

29474 Amnesiac the Gelid (level 13, -3/63 HPs)
             Began as a Deep Elf Ice Elementalist on May 2, 2020.
             Was a High Priest of Vehumet.
             Slain by an anaconda simulacrum (16 damage)
             ... on level 1 of the Lair of Beasts.
             The game lasted 00:55:31 (16859 turns).

Amnesiac the Gelid (Deep Elf Ice Elementalist)     Turns: 16859, Time: 00:55:31

Health: -3/63      AC: 10    Str:  5    XL:     13   Next: 15%
Magic:  34/44      EV: 17    Int: 26    God:    Vehumet [*****.]
Gold:   205        SH:  0    Dex: 15    Spells: 14/44 levels left

rFire    + + .     SeeInvis +   a - +1 hunting sling (freeze)
rCold    + . .     Gourm    .   (no shield)
rNeg     . . .     Faith    .   O - +2 robe {rC+ rF+}
rPois    +         Spirit   .   T - +2 helmet {SInv}
rElec    .         Reflect  .   (no cloak)
rCorr    .         Harm     .   s - +1 pair of gloves
MR       +++..                  U - +0 pair of boots of the Devil's Team {*Corrode rPois rF+ MR++}
Stlth    ++........             x - amulet of the acrobat
HPRegen  0.20/turn              K - ring of magical power
MPRegen  0.29/turn              v - +4 ring of evasion

@: no status effects
A: no striking features
a: Renounce Religion


You were on level 1 of the Lair of Beasts.
You worshipped Vehumet.
Vehumet was extremely pleased with you.
You were not hungry.

You visited 3 branches of the dungeon, and saw 14 of its levels.
You also visited: Sewer and Bailey.

You collected 1755 gold pieces.
You spent 1550 gold pieces at shops.

Inventory:

Hand Weapons
 a - a +1 hunting sling of freezing (weapon)
 b - a +2 scimitar of flaming
Missiles
 C - 339 stones (quivered)
 H - 122 sling bullets
Armour
 s - a +1 pair of gloves (worn)
 L - a +0 troll leather armour
 O - a +2 robe of resistance (worn)
 T - a +2 helmet of see invisible (worn)
 U - the +0 pair of boots of the Devil's Team (worn) {*Corrode rPois rF+ MR++}
   (You bought it in a shop on level 2 of the Orcish Mines)

   It protects you from fire.
   It protects you from poison.
   It affects your resistance to hostile enchantments.
   It may corrode you when you take damage.
Jewellery
 h - an uncursed ring of teleportation
 q - an uncursed ring of magical power
 v - a +4 ring of evasion (right hand)
 x - an amulet of the acrobat (around neck)
 G - an uncursed ring of wizardry
 K - a ring of magical power (left hand)
 Z - an uncursed ring of flight
Wands
 i - a wand of random effects (18)
 o - a wand of flame (14)
 E - a wand of scattershot (2)
 N - a wand of acid (9)
 X - a wand of disintegration (8)
Scrolls
 k - a scroll of blinking {!r}
 m - 4 scrolls of fog {!r}
 n - 8 scrolls of teleportation {!r}
 t - 5 scrolls of fear {!r}
 A - a scroll of vulnerability {!r}
 J - a scroll of magic mapping {!r}
 Y - a scroll of summoning {!r}
Potions
 d - 5 potions of flight {!q}
 e - a potion of lignification {!q}
 f - 3 potions of brilliance {!q}
 g - a potion of haste {!q}
 l - 2 potions of mutation {!q}
 p - 2 potions of berserk rage {!q}
 r - 2 potions of might {!q}
 w - a potion of magic {!q}
 z - 4 potions of stabbing {!q}
 B - 5 potions of curing {!q}
 I - 2 potions of cancellation {!q}
 M - a potion of degeneration {!q, unknown}
 P - 3 potions of resistance {!q}
 S - 2 potions of experience {!q, unknown}
Miscellaneous
 R - a phantom mirror
Comestibles
 c - 28 rations
 j - 6 chunks of flesh


   Skills:
 - Level 2.4 Dodging
 - Level 2.4 Stealth
 + Level 16.2 Spellcasting
 * Level 18.9 Ice Magic


You had 14 spell levels left.
You knew the following spells:

 Your Spells              Type           Power        Failure   Level  Hunger
a - Freeze                Ice            ####         0%          1    None
b - Frozen Ramparts       Ice            ######       0%          3    None
c - Summon Ice Beast      Ice/Summ       ######..     1%          4    None
d - Hailstorm             Conj/Ice       ######..     1%          4    None
e - Freezing Cloud        Conj/Ice/Air   ######....   8%          6    ####...
f - Ensorcelled Hibernat  Hex/Ice        ######       1%          2    None
g - Lee's Rapid Deconstr  Erth           ###.......   17%         5    None
v - Blink                 Tloc           N/A          3%          2    None
z - Ozocubu's Armour      Chrm/Ice       ######..     1%          3    None

Your spell library contained the following spells:

 Spells                   Type           Power        Failure   Level  Hunger
 Magic Dart               Conj           ###.         1%          1    None
 Corona                   Hex            ###....      2%          1    None
 Conjure Flame            Conj/Fire      ###.....     2%          3    None
 Dazzling Flash           Conj/Hex       ###...       2%          3    None
 Inner Flame              Hex/Fire       ###.....     2%          3    None
 Mephitic Cloud           Conj/Pois/Air  ###.....     2%          3    None
 Call Imp                 Summ           ###.....     3%          2    None
 Slow                     Hex            ###.....     3%          2    None
 Confusing Touch          Hex            ###.....     8%          3    None
 Portal Projectile        Hex/Tloc       ###...       8%          3    None
 Tukima's Dance           Hex            ###.....     8%          3    None
 Cause Fear               Hex            ###.......   24%         4    None
 Leda's Liquefaction      Hex/Erth       ###.......   24%         4    None


Dungeon Overview and Level Annotations

Branches:
Dungeon (11/15)            Temple (0/1) D:6            Lair (1/6) D:11
    Orc (2/2) D:11            Elf (0/3) Orc:2         Sewer (visited)
 Bailey (visited)

Altars:
Ashenzari
Cheibriados
Dithmenos
Nemelex Xobeh
Sif Muna
Trog
Vehumet
Yredelemnul
The Shining One
Beogh

Shops:
D:5 (   D:10 (   D:11 *   Orc:2 (:[(

Annotations:
D:9 1 exclusion
Lair:1 1 transporter
Orc:1 Topotin's ghost, journeyman DsGl


Message History

The seven-headed hydra simulacrum is heavily damaged.
The icy blast hits the anaconda simulacrum!
The anaconda simulacrum partially resists.
The anaconda simulacrum is moderately damaged.
The icy blast hits the bullfrog simulacrum!
The bullfrog simulacrum partially resists.
The bullfrog simulacrum is almost destroyed.
The icy blast hits the rime drake simulacrum.
The rime drake simulacrum partially resists.
The rime drake simulacrum is moderately damaged.
The rime drake simulacrum bites you but does no damage.
The rime drake simulacrum closely misses you.
Casting: Lee's Rapid Deconstruction (quite dangerous; 17% risk of failure)
Confirm with . or Enter, or press ? or * to list all spells.
The spell is quite dangerous to cast (17% risk of failure)!
Continue anyway?
Aiming: Lee's Rapid Deconstruction (quite dangerous; 17% risk of failure)
Press: ? - help, Dir - move target cursor, f/p - seven-headed hydra simulacrum Fragment what (e.g. wall or brittle monster)?: a seven-headed hydra simulacrum (heavily damaged)
The seven-headed hydra simulacrum shatters!
The seven-headed hydra simulacrum is almost destroyed.
The icy blast hits the anaconda simulacrum!
The anaconda simulacrum partially resists.
The anaconda simulacrum is moderately damaged.
The icy blast hits the rime drake simulacrum!
The rime drake simulacrum partially resists.
The rime drake simulacrum is almost destroyed.
The bullfrog simulacrum misses you.
The rime drake simulacrum closely misses you.
Casting: Lee's Rapid Deconstruction (quite dangerous; 17% risk of failure)
Confirm with . or Enter, or press ? or * to list all spells.
The spell is quite dangerous to cast (17% risk of failure)!
Continue anyway?
Aiming: Lee's Rapid Deconstruction (quite dangerous; 17% risk of failure)
Press: ? - help, Dir - move target cursor, f - rime drake simulacrum, p - seven-headed hydra simulacrum Fragment what (e.g. wall or brittle monster)?: a rime drake simulacrum (almost destroyed) That beam is likely to hit you.
Continue anyway?
The rime drake simulacrum shatters!!
The rime drake simulacrum vapourises!
Vehumet accepts your kill.
You feel your power returning.
The icy blast hits the anaconda simulacrum.
The anaconda simulacrum partially resists.
The anaconda simulacrum is heavily damaged.
The icy blast hits the anaconda simulacrum!
The anaconda simulacrum partially resists.
The anaconda simulacrum is moderately damaged.
The icy blast hits the bullfrog simulacrum!
The bullfrog simulacrum partially resists.
The bullfrog simulacrum vapourises!
Vehumet accepts your kill.
You feel your power returning.
The icy blast hits the seven-headed hydra simulacrum!
The seven-headed hydra simulacrum partially resists.
The seven-headed hydra simulacrum vapourises!
Vehumet accepts your kill.
You feel your power returning. The icy blast hits you! You partially resist.
The anaconda simulacrum constricts you but does no damage.
The anaconda simulacrum bites you! The anaconda simulacrum freezes you!
You resist.
* * * LOW HITPOINT WARNING * * *
The anaconda simulacrum constricts you but does no damage.
The anaconda simulacrum bites you!
* * * LOW HITPOINT WARNING * * *
The anaconda simulacrum freezes you! You resist.
You die...

#...
#○.☼)©$°○.#.#.#..... .
. #☼○°[:!○☼°#...#.....
#○☼°°○○☼°○#.........
#○○○○☼☼°○°#.........
#.°.°☼○°○°#......##
####○○○####....##.##..
#○○..Z○☼#..>.........
#○☼#Z#°°#.##.#####...
#°○.○@☼°#..#.# ##
#☼○#Z#°°#....##P##..
#°°.○☼○☼#........... #
#○○☼☼○○○#.......###
#.#########....##.#
#.....©...............
..#..........^.##...$#.
...........P...# ......
..#........PP..# .##..


You could see 3 anaconda simulacra.

Vanquished Creatures
  2 orc warlords
  A hydra (D:11)
  A two-headed ogre (D:8)
  3 orc high priests (Orc:2)
  An unseen horror (D:10)
  An orc knight (Orc:2)
  An orc sorcerer (Orc:2)
  An elephant (D:11)
  The ghost of Xiguana the Stinger, a novice OgVM (D:5)
  Joseph (D:8)
  Maggie (D:6)
  A spiny frog (Lair:1)
  A centaur skeleton (D:10)
  A komodo dragon (Lair:1)
  An efreet (D:11)
  A kobold demonologist (D:11)
  3 trolls
  7 hippogriffs
  Sigmund (D:2)
  A wyvern (D:11)
  A wraith (D:10)
  3 basilisks
  14 yaks
  A steam dragon (D:11)
  Grum (D:8)
  2 hungry ghosts
  Edmund (D:5)
  4 wargs
  A water moccasin (D:9)
  A hydra simulacrum (Lair:1)
  A porcupine (Lair:1)
  A hornet zombie (D:10)
  35 orc warriors
  An eye of draining (D:11)
  A black bear (D:6)
  A necrophage (D:11)
  4 ice beasts
  4 phantoms
  2 sky beasts
  15 ogres
  2 centaurs (D:10)
  2 wolves (D:8)
  2 crocodiles (Lair:1)
  6 big kobolds
  3 bullfrogs
  Blork the orc (D:6)
  A water moccasin zombie (D:7)
  A wyvern skeleton (D:11)
  6 scorpions
  22 killer bees
  5 wights
  A rime drake simulacrum (Lair:1)
  2 howler monkeys
  2 crimson imps
  2 bullfrog zombies
  2 jellies (D:11)
  19 orc priests
  6 hounds
  15 orc wizards
  2 bullfrog skeletons
  4 iguanas
  5 worker ants
  A bullfrog simulacrum (Lair:1)
  A hound skeleton (D:4)
  A worker ant zombie (D:7)
  10 adders
  14 gnolls
  An ogre simulacrum (Orc:2)
  5 shadow imps
  4 orc simulacra (Orc:2)
  9 oozes
  5 dart slugs
  5 leopard geckos
  95 orcs
  8 ball pythons
  3 giant cockroaches
  27 goblins
  24 hobgoblins
  10 jackals
  22 kobolds
  8 quokkas
  7 bats
  7 frilled lizards
  A jackal skeleton (D:8)
  A quokka skeleton (D:5)
  2 quokka zombies
  10 rats
  A plant (D:5)
518 creatures vanquished.

Vanquished Creatures (collateral kills)
  A sphinx (D:11)
  A tengu reaver (D:11)
  A hippogriff (D:11)
  A spectral troll (Orc:2)
  An orc warrior (D:7)
  A crocodile (D:11)
  A wyvern zombie (D:11)
  A scorpion (D:6)
  A spectral ogre (Orc:2)
  A crimson imp (D:6)
  An orc priest (D:7)
  An ogre simulacrum (Orc:2)
  An orc (D:7)
13 creatures vanquished.

Grand Total: 531 creatures vanquished

Notes
Turn   | Place    | Note
-------+----------+-------------------------------------------
     0 | D:1      | Amnesiac the Deep Elf Ice Elementalist began the quest for
                  | the Orb.
     0 | D:1      | Reached XP level 1. HP: 10/10 MP: 6/6
    43 | D:2      | Reached XP level 2. HP: 15/15 MP: 5/8
    93 | D:1      | Reached skill level 5 in Ice Magic
   325 | D:1      | Reached XP level 3. HP: 19/19 MP: 8/10
   330 | D:1      | Learned a level 3 spell: Frozen Ramparts
   334 | D:1      | Learned a level 3 spell: Ozocubu's Armour
   364 | D:2      | Found a bloodstained altar of Trog.
   431 | D:2      | Noticed Sigmund
   449 | D:2      | Killed Sigmund
   449 | D:2      | Reached skill level 5 in Spellcasting
   449 | D:2      | Reached skill level 6 in Ice Magic
   449 | D:2      | Reached XP level 4. HP: 24/24 MP: 4/13
   449 | D:2      | Reached XP level 5. HP: 28/28 MP: 4/14
   621 | D:3      | Found a snail-covered altar of Cheibriados.
   628 | D:3      | Found a radiant altar of Vehumet.
   629 | D:3      | Found a sparkling altar of Nemelex Xobeh.
   636 | D:3      | Became a worshipper of Vehumet
  1344 | D:2      | Reached skill level 7 in Ice Magic
  1354 | D:2      | Found a shattered altar of Ashenzari.
  1457 | D:2      | Reached XP level 6. HP: 30/32 MP: 12/16
  1463 | D:2      | Learned a level 4 spell: Summon Ice Beast
  1468 | D:2      | Learned a level 4 spell: Hailstorm
  1851 | D:3      | Reached * piety under Vehumet
  1851 | D:3      | Offered knowledge of Magic Dart by Vehumet.
  3052 | D:4      | Found a glowing drain.
  3056 | Sewer    | Entered a sewer
  3298 | Sewer    | Offered knowledge of Sandblast by Vehumet.
  3298 | Sewer    | Reached skill level 8 in Ice Magic
  3298 | Sewer    | Reached XP level 7. HP: 36/36 MP: 18/18
  3319 | Sewer    | Reached ** piety under Vehumet
  3724 | D:5      | Entered Level 5 of the Dungeon
  3758 | D:5      | Reached skill level 9 in Ice Magic
  3835 | D:5      | Found Aschegip's Antique Weapon Shoppe.
  4063 | D:5      | Noticed Edmund
  4107 | D:5      | Killed Edmund
  4107 | D:5      | Reached XP level 8. HP: 34/41 MP: 21/21
  4157 | D:5      | HP: 1/41 [phantom (10)]
  4158 | D:5      | Noticed Xiguana's ghost (novice OgVM)
  4598 | D:5      | Reached skill level 10 in Ice Magic
  4634 | D:5      | Found a transporter.
  4638 | D:5      | Found a transporter.
  4937 | D:5      | Offered knowledge of Conjure Flame by Vehumet.
  4942 | D:5      | Learned a level 2 spell: Ensorcelled Hibernation
  4966 | D:5      | Killed Xiguana's ghost
  4966 | D:5      | Reached skill level 11 in Ice Magic
  5031 | D:6      | Reached XP level 9. HP: 28/45 MP: 24/24
  5092 | D:5      | Reached *** piety under Vehumet
  5241 | D:6      | Learned a level 2 spell: Blink
  5473 | D:6      | Noticed Blork the orc
  5491 | D:6      | Reached skill level 10 in Spellcasting
  5491 | D:6      | Reached skill level 12 in Ice Magic
  5491 | D:6      | Killed Blork the orc
  5497 | D:6      | Noticed Maggie
  5510 | D:6      | Killed Maggie
  5532 | D:6      | Found a staircase to the Ecumenical Temple.
  5561 | D:6      | You fall into a shaft and drop 1 floor!
  6693 | D:7      | Found a shimmering blue altar of Sif Muna.
  6730 | D:7      | Offered knowledge of Airstrike by Vehumet.
  6904 | D:7      | Reached skill level 13 in Ice Magic
  7113 | D:7      | Reached XP level 10. HP: 50/50 MP: 27/27
  7606 | D:8      | Noticed Joseph
  7627 | D:8      | Reached **** piety under Vehumet
  7648 | D:8      | Killed Joseph
  7649 | D:8      | Noticed Grum
  7853 | D:8      | Killed Grum
  8508 | D:8      | Offered knowledge of Olgreb's Toxic Radiance by Vehumet.
  8532 | D:8      | Noticed a two-headed ogre
  8556 | D:8      | Killed a two-headed ogre
  8556 | D:8      | Reached skill level 14 in Ice Magic
  8966 | D:9      | Found a flagged portal.
  8978 | Bailey   | Entered a bailey
  9216 | Bailey   | Reached ***** piety under Vehumet
  9246 | Bailey   | Offered knowledge of Yara's Violent Unravelling by Vehumet.
  9480 | Bailey   | Noticed an orc warlord
  9579 | Bailey   | Killed an orc warlord
  9579 | Bailey   | Reached skill level 15 in Ice Magic
  9579 | Bailey   | Reached XP level 11. HP: 42/54 MP: 30/30
 10003 | D:9      | Found a basalt altar of Yredelemnul.
 10543 | D:10     | Entered Level 10 of the Dungeon
 10599 | D:10     | Found Dotuet's Weapon Shop.
 11035 | D:10     | Killed an unseen horror
 11035 | D:10     | Reached skill level 16 in Ice Magic
 11179 | D:10     | Found a shadowy altar of Dithmenos.
 11611 | D:11     | Noticed a four-headed hydra
 11624 | D:11     | Found a large runed translucent door.
 11624 | D:11     | Found a large runed translucent door.
 11718 | D:11     | Killed a four-headed hydra
 11739 | D:11     | Noticed a sixfirhy
 11893 | D:11     | Found a staircase to the Lair.
 11903 | D:11     | Reached XP level 12. HP: 30/59 MP: 32/32
 11929 | D:11     | Reached skill level 17 in Ice Magic
 12696 | D:11     | Offered knowledge of Freezing Cloud by Vehumet.
 12718 | D:11     | Learned a level 6 spell: Freezing Cloud
 12831 | D:11     | Found a staircase to the Orcish Mines.
 13102 | D:11     | Found Anautaap's General Store.
 13105 | D:11     | Bought a scroll of summoning for 95 gold pieces
 13105 | D:11     | Bought a scroll of teleportation for 30 gold pieces
 13105 | D:11     | Bought a scroll of teleportation for 30 gold pieces
 13297 | D:11     | Noticed a sphinx
 13306 | D:11     | Noticed a tengu reaver
 13334 | D:11     | HP: 1/59 [sphinx (12)]
 13334 | D:11     | Killed a sphinx
 13336 | D:11     | Killed a tengu reaver
 13336 | D:11     | Reached skill level 15 in Spellcasting
 13455 | D:11     | Found a glowing golden altar of the Shining One.
 13458 | D:11     | Found a glowing golden altar of the Shining One.
 13512 | Orc:1    | Entered Level 1 of the Orcish Mines
 14108 | Orc:2    | Entered Level 2 of the Orcish Mines
 14110 | Orc:2    | Found a roughly hewn altar of Beogh.
 14238 | Orc:2    | Found a staircase to the Elven Halls.
 14510 | Orc:2    | Found a runed translucent gate.
 14510 | Orc:2    | Found a runed translucent gate.
 14516 | Orc:2    | Found a runed translucent gate.
 14523 | Orc:2    | Noticed Topotin's ghost (journeyman DsGl)
 14555 | Orc:2    | Found a roughly hewn altar of Beogh.
 14562 | Orc:2    | Reached skill level 18 in Ice Magic
 14624 | Orc:2    | Noticed an orc high priest
 14634 | Orc:2    | Killed an orc high priest
 14792 | Orc:2    | Noticed an orc warlord
 14807 | Orc:2    | Killed an orc warlord
 14862 | Orc:2    | Noticed an orc high priest
 14869 | Orc:2    | Killed an orc high priest
 14933 | Orc:2    | Noticed an orc high priest
 14944 | Orc:2    | Killed an orc high priest
 15086 | Orc:2    | Found Opleysh's Antique Armour Boutique.
 15089 | Orc:2    | Found a roughly hewn altar of Beogh.
 15092 | Orc:2    | Found Rumie's Antique Weapon Shop.
 15198 | Orc:2    | Found a roughly hewn altar of Beogh.
 15230 | Orc:2    | Paralysed by an orc sorcerer for 3 turns
 15234 | Orc:2    | Reached XP level 13. HP: 55/63 MP: 34/34
 15375 | Orc:2    | Found a roughly hewn altar of Beogh.
 15386 | Orc:2    | Reached ****** piety under Vehumet
 15448 | Orc:2    | Found Ypsuy's Weapon Boutique.
 15552 | Orc:2    | Found a roughly hewn altar of Beogh.
 15583 | Orc:2    | Found a roughly hewn altar of Beogh.
 15598 | Orc:2    | Offered knowledge of Lee's Rapid Deconstruction by Vehumet.
 15622 | Orc:2    | Found Gonur's Book Boutique.
 16301 | Orc:2    | Bought a glowing helmet for 172 gold pieces
 16301 | Orc:2    | Bought a pair of polished boots for 218 gold pieces
 16317 | Orc:2    | Identified the +0 pair of boots of the Devil's Team
                  | {*Corrode rPois rF+ MR++} (You bought it in a shop on level
                  | 2 of the Orcish Mines)
 16317 | Orc:2    | Bought a bloodstained ring mail for 207 gold pieces
 16327 | Orc:2    | Identified the +4 ring mail "Dixu" {rC+ MR++ Dex-5} (You
                  | bought it in a shop on level 2 of the Orcish Mines)
 16345 | Orc:2    | Bought a smoking short sword for 232 gold pieces
 16345 | Orc:2    | Identified the cursed +0 short sword of Quantum Leap
                  | {distort, +Rage Str+2 Dex+2} (You bought it in a shop on
                  | level 2 of the Orcish Mines)
 16348 | Orc:2    | Bought a polished trident for 246 gold pieces
 16348 | Orc:2    | Identified the +0 trident "Giantslayer" {elec, rPois} (You
                  | bought it in a shop on level 2 of the Orcish Mines)
 16430 | D:11     | Bought a scroll of identify for 20 gold pieces
 16430 | D:11     | Bought an uncursed ring of wizardry for 300 gold pieces
 16503 | Lair:1   | Entered Level 1 of the Lair of Beasts
 16675 | Lair:1   | Found a transporter.
 16806 | Lair:1   | Found a transporter.
 16848 | Lair:1   | Learned a level 5 spell: Lee's Rapid Deconstruction
 16859 | Lair:1   | Slain by an anaconda simulacrum

Levels and vault maps discovered:
D:1:      saegor_arrival_simple_c, layout_loops_ring, minmay_tripent
D:2:      layout_loops_cross, lemuel_doored_altar, first_ration,
          evilmike_ruin_ashenzari, uniq_sigmund
D:3:      layout_basic, grunt_temple_overflow_open
D:4:      layout_loops_cross, gup_sewer_entry_spiral
D:5:      layout_cave_pools, serial_bayou, serial_bayou_pond_a,
          serial_bayou_lagoon_a, serial_bayou_lagoon_b, serial_bayou_shore_b,
          serial_bayou_ford_a, serial_shops, nicolae_shop_behind_doors,
          gammafunk_ghost_hive, chequers_serial_rivers_large_a, uniq_edmund
D:6:      layout_rooms, minmay_temple_entry_antechambers, uniq_maggie,
          uniq_blork_the_orc
D:7:      layout_loops_ring, led_sif_pool
D:8:      layout_basic, serial_co_window_serial, co_window_paths_a,
          co_window_corner_a, co_window_paths_a, co_window_corner_a,
          co_window_corner_a, co_window_cross_3, co_window_corner_ca,
          co_window_paths_c, co_window_corner_b, co_window_4corner_b,
          glass_columns_a, glass_columns_a, uniq_joseph, uniq_grum
D:9:      layout_basic, serial_glass, glass_columns_a, glass_columns_a,
          glass_columns_b, glass_columns_b, glass_columns_b, glass_columns_a,
          minmay_strange_pillars, minmay_strange_pillars, due_unseen_surprise,
          unseen_surprise_small, enter_bailey_3, basic_altar,
          blue_anna_alchemist [blue_anna_fruit_fields, blue_anna_fruit_fields]
D:10:     layout_cave_pods, basic_altar, serial_shops, shop_fountains
D:11:     layout_roguey, david_lair_generic, erik_orc_3, serial_shops, shop,
          jmf_multi_god_temple2
Lair:1:   gammafunk_cloud_chamber, layout_misc_corridors,
          chequers_serial_rivers_small_b
Orc:1:    layout_caves
Orc:2:    grunt_orc_community_town_hall, layout_caves,
          grunt_orc_community_big_house_1, grunt_orc_community_big_house_2,
          grunt_orc_community_house_3, grunt_orc_community_house_1,
          grunt_orc_community_house_3, grunt_orc_community_house_3,
          gammafunk_ghost_necromancy

Skill      XL: |  1  2  3  4  5  6  7  8  9 10 11 12 13 |
---------------+----------------------------------------+-----
Ice Magic      | 5 6 7 8 9 11 13 15 16 18 | 18.9
Spellcasting   | 5 6 7 9 11 13 14 15 16 | 16.2
Dodging        | |  2.4
Stealth        | |  2.4

Action                   |  1- 3 |  4- 6 |  7- 9 | 10-12 | 13-15 || total
-------------------------+-------+-------+-------+-------+-------++-------
Melee: Unarmed           |       |    15 |       |       |       ||    15
       Whip              |       |    26 |   143 |   101 |       ||   270
       Scimitar          |       |       |       |       |     6 ||     6
 Fire: Hunting sling     |       |       |    55 |   351 |    82 ||   488
Throw: Stone             |       |       |       |     6 |       ||     6
 Cast: Freeze            |    18 |    97 |    46 |   174 |    11 ||   346
       Frozen Ramparts   |     1 |     9 |    35 |   113 |    18 ||   176
       Ozocubu's Armour  |       |     1 |     9 |    20 |     2 ||    32
       Summon Ice Beast  |       |       |     7 |    10 |     3 ||    20
       Freezing Cloud    |       |       |       |     1 |       ||     1
       Lee's Rapid Decon |       |       |       |       |     3 ||     3
       Blink             |       |       |       |       |     1 ||     1
Evoke: Wand              |       |       |    13 |    12 |     4 ||    29
  Use: Scroll            |     3 |     7 |     3 |     1 |    13 ||    27
       Potion            |       |       |     3 |     2 |       ||     5
 Stab: Sleeping          |       |       |     1 |       |       ||     1
  Eat: Chunk             |       |     8 |    12 |    32 |     2 ||    54
       Ration            |       |       |       |       |     1 ||     1
Armor: Robe              |     3 |    26 |    54 |    92 |    10 ||   185
       Troll leather arm |       |       |       |     5 |     3 ||     8
Dodge: Dodged            |     7 |    66 |   138 |   194 |    46 ||   451
       Rpst.: Scimitar   |       |       |       |       |     3 ||     3

Table legend:
 A = Non-vault XP
 B = Vault XP
 C = Vault XP percentage of total XP
 D = Non-vault monster count
 E = Vault monster count
 F = Vault count percentage of total count
                 A         B        C        D         E       F
            +---------+---------+-------+---------+---------+-------
      Total |   20333 |   21773 |  51.7 |     299 |     231 |  43.6
            +---------+---------+-------+---------+---------+-------
        D:1 |      49 |       6 |  10.9 |      18 |       2 |  10.0
        D:2 |      93 |     220 |  70.3 |      21 |       1 |   4.5
        D:3 |      64 |       0 |   0.0 |      22 |       0 |   0.0
        D:4 |     180 |      36 |  16.7 |      14 |       7 |  33.3
        D:5 |     725 |    1088 |  60.0 |      15 |       9 |  37.5
        D:6 |    1031 |     382 |  27.0 |      20 |       2 |   9.1
        D:7 |    1378 |       0 |   0.0 |      26 |       0 |   0.0
        D:8 |    1931 |     888 |  31.5 |      16 |       4 |  20.0
        D:9 |    2650 |     103 |   3.7 |      26 |       5 |  16.1
       D:10 |    3519 |       0 |   0.0 |      26 |       0 |   0.0
       D:11 |    3371 |    6815 |  66.9 |      30 |      23 |  43.4
     Lair:1 |    2039 |     233 |  10.3 |       9 |       3 |  25.0
      Orc:1 |    1118 |       0 |   0.0 |      30 |       0 |   0.0
      Orc:2 |    2185 |    7735 |  78.0 |      26 |      78 |  75.0
      Sewer |       0 |     487 | 100.0 |       0 |      28 | 100.0
     Bailey |       0 |    3780 | 100.0 |       0 |      69 | 100.0
            +---------+---------+-------+---------+---------+-------
